 Dungeon Crawl Stone Soup version 0.29-a0-495-g17b79114eb (webtiles) character file.

Game seed: 12659320931574110777

185 hquester the Skirmisher (level 5, -1/54 HPs)
             Began as a Troll Fighter on May 28, 2022.
             Slain by zeratav's ghost (6 damage)
             ... on level 3 of the Dungeon.
             The game lasted 00:06:50 (1809 turns).

hquester the Skirmisher (Troll Fighter)             Turns: 1809, Time: 00:06:50

Health: -1/54      AC:  4    Str: 24    XL:     5   Next: 37%
Magic:  4/4        EV:  9    Int:  4    God:
Gold:   149        SH:  8    Dex: 11    Spells: 4/4 levels left

rFire   . . .      SeeInvis .     - Unarmed
rCold   . . .      Faith    .   b - +0 kite shield
rNeg    . . .      Spirit   .   a - +0 robe
rPois   .          Reflect  .   (helmet restricted)
rElec   .          Harm     .   (no cloak)
rCorr   .          Rampage  .   (gloves unavailable)
Will    .....                   (boots unavailable)
Stlth   +.........              (no amulet)
HPRegen 0.98/turn               (no ring)
MPRegen 0.09/turn               (no ring)

@: no status effects
A: large, unfitting armour, claws 3, regeneration 1, shaggy fur 1, tough skin 1
a: no special abilities


You were on level 3 of the Dungeon.
You visited 1 branch of the dungeon, and saw 3 of its levels.

You collected 149 gold pieces.

Inventory:

Hand Weapons
 j - a +0 flail
 k - the +4 hand axe of Gin and Tonic {vorpal, rPois}
   (You found it on level 2 of the Dungeon)

   It inflicts extra damage upon your enemies.
   rPois:     It protects you from poison.
Armour
 a - a +0 robe (worn)
 b - a +0 kite shield (worn)
Scrolls
 d - 3 scrolls of identify {unknown}
 e - 2 scrolls of immolation {unknown}
 g - a scroll of poison {unknown}
 h - 2 scrolls of vulnerability {unknown}
 l - 2 scrolls of fear {unknown}
Potions
 c - a potion of might
 f - 2 potions of curing
 i - a potion of attraction {unknown}
 m - a potion of resistance
 n - a potion of degeneration {unknown}


   Skills:
 * Level 3.6 Fighting
 + Level 3.1 Dodging
 + Level 3.4 Shields
 + Level 3.1 Unarmed Combat


You had 4 spell levels left.
You didn't know any spells.
Your spell library contained the following spells:

 Spells                   Type           Power      Damage    Failure   Level
 Freeze                   Ice            0%         1d3       80%         1
 Frozen Ramparts          Ice            0%         1d2       99%         3
 Inner Flame              Hex/Fire       0%         N/A       99%         3
 Cause Fear               Hex            0%         N/A       100%        4
 Hailstorm                Conj/Ice       0%         3d3       100%        4
 Discord                  Hex            0%         N/A       100%        8


Dungeon Overview and Level Annotations

Branches:
Dungeon (3/15)

Altars:
Sif Muna

Shops:
D:3 :

Annotations:
D:3 zeratav's ghost, amateur TrFi


Innate Abilities, Weirdness & Mutations

You are too large for most types of armour.
You have claws for hands.
Your natural rate of healing is unusually fast.
You are covered in fur. (AC +1)
You have tough skin. (AC +1)


Message History

You block the gnoll's attack.
The gnoll hits you from afar with a +0 spear!
* * * LOW HITPOINT WARNING * * *
You claw the gnoll!
You kill the gnoll!
The gnoll hits you from afar with a +0 spear.
* * * LOW HITPOINT WARNING * * *
The gnoll zaps a wand.
The puff of flame hits you.
* * * LOW HITPOINT WARNING * * *
Zeratav's ghost breaks down the door.
Zeratav's ghost attacks as you move away!
Zeratav's ghost misses you.
Zeratav's ghost attacks as you move away!
You block zeratav's ghost's attack.
You scratch zeratav's ghost.
Zeratav's ghost is lightly damaged.
You block zeratav's ghost's attack.
There is a transporter here.
You enter the transporter and appear at another place.
You block zeratav's ghost's attack.
You barely miss zeratav's ghost.
Zeratav's ghost is lightly damaged.
Zeratav's ghost hits you!
* * * LOW HITPOINT WARNING * * *
You barely miss zeratav's ghost. Zeratav's ghost barely misses you.
You claw zeratav's ghost!
Zeratav's ghost is moderately damaged.
Zeratav's ghost hits you but does no damage.
You claw zeratav's ghost!
Zeratav's ghost is heavily damaged.
Zeratav's ghost hits you!
* * * LOW HITPOINT WARNING * * *
Zeratav's ghost misses you.
You scratch zeratav's ghost.
Zeratav's ghost is heavily damaged.
You block zeratav's ghost's attack.
You claw zeratav's ghost!
Zeratav's ghost is almost destroyed.
Zeratav's ghost hits you.
You die...

##.≈≈###.......)..)....###≈≈.#
#..≈≈.8#.######)######.#8.≈≈.#
#..≈≈.##.#.⌠.#.)8#$.$#.##.≈≈.#
#..≈≈.#..'....(©⌠#:.$'..#.≈≈.#
#..≈≈.##.#.⌠.#..8#=.$#.##.≈≈.#
#..≈≈.8#.######'######g#8.≈≈.###
#..≈≈###.......gg...g..###≈≈....
#..≈≈#g..###.#####©###...#≈≈..##
#..≈≈#.#.#.###.@.###.#.#.#≈≈..#
#..≈≈#####....W......#####≈≈..#
#..≈≈≈≈≈≈≈≈≈≈≈≈≈≈≈≈≈≈≈≈≈≈≈≈≈..#
#..≈≈≈≈≈≈≈≈≈≈≈≈≈≈≈≈≈≈≈≈≈≈≈≈≈..#
#.............................#
#.............................#
###############################


You could see zeratav's ghost and 2 gnolls.

Vanquished Creatures
  A necrophage (D:3)
  4 gnolls (D:3)
  2 adders (D:3)
  A worm (D:3)
  5 dart slugs
  An orc (D:3)
  4 ball pythons
  8 endoplasms
  6 hobgoblins
  3 quokkas
  5 bats
  A frilled lizard (D:1)
  3 goblins (D:1)
  6 kobolds
  6 rats
56 creatures vanquished.

Vanquished Creatures (others)
  6 plants (D:3)
6 creatures vanquished.

Grand Total: 62 creatures vanquished

Notes
Turn   | Place    | Note
-------+----------+-------------------------------------------
     0 | D:1      | hquester the Troll Fighter began the quest for the Orb.
     0 | D:1      | Reached XP level 1. HP: 22/22 MP: 0/0
   160 | D:1      | Reached XP level 2. HP: 29/29 MP: 1/1
   351 | D:1      | Found a faded altar of an unknown god.
   526 | D:2      | Identified the +4 hand axe of Gin and Tonic {vorpal, rPois}
   641 | D:2      | Reached XP level 3. HP: 35/36 MP: 2/2
   728 | D:2      | Found a shimmering blue altar of Sif Muna.
  1272 | D:3      | Found Hathreucu's Book Boutique.
  1273 | D:3      | Noticed a necrophage
  1279 | D:3      | Killed a necrophage
  1280 | D:3      | Reached XP level 4. HP: 44/45 MP: 3/3
  1526 | D:3      | Reached XP level 5. HP: 53/53 MP: 4/4
  1641 | D:3      | Found a transporter.
  1692 | D:3      | Found a transporter.
  1747 | D:3      | Noticed zeratav's ghost (amateur TrFi)
  1809 | D:3      | Slain by zeratav's ghost

Illustrated notes

Levels and vault maps discovered:
D:1:      erik_arrival_orb_chamber, layout_basic,
          ebering_ecumenical_altar_ruins, serial_park_tiny_2,
          kennysheep_decorative_pillar
D:2:      layout_basic, basic_altar
D:3:      layout_rooms, gammafunk_ghost_gnarly_gnolls, serial_shops, shop,
          kennysheep_pointless_box

Skill      XL: |  1  2  3  4  5 |
---------------+----------------+-----
Shields        | 3 |  3.4
Fighting       | 3 |  3.6
Dodging        | 3 |  3.1
Unarmed Combat | 3 |  3.1

Action                   |  1- 3 |  4- 6 || total
-------------------------+-------+-------++-------
Melee: Unarmed           |    86 |    62 ||   148
  Use: Potion            |       |     3 ||     3
Armor: Robe              |    16 |    16 ||    32
Dodge: Dodged            |    23 |    29 ||    52
Block: Kite shield       |    21 |    41 ||    62

Table legend: (Time is in decaauts)
 A = Elapsed time spent in this place.
 B = Non-inter-level travel time spent in this place.
 C = Inter-level travel time spent in this place.
 D = Time resting spent in this place.
 E = Time spent auto-exploring this place.
 F = Levels seen in this place.
 G = Mean time per level.
                   A        B        C        D        E       F      G
               +--------+--------+--------+--------+--------+-----+--------+
         Total |   1820 |   1741 |     79 |      0 |   1177 |   3 |  606.7 |
       Dungeon |   1820 |   1741 |     79 |      0 |   1177 |   3 |  606.7 |
               +--------+--------+--------+--------+--------+-----+--------+

Top non-repeatable levels by time:
     D:2: 689 daAuts
     D:3: 614 daAuts
     D:1: 516 daAuts
